 Dungeon Crawl Stone Soup version 0.30-a0-949-g53dc5368d7 (webtiles) character file.

Game seed: 1991253481156472434

446 xian the Chopper (level 7, -7/40 HPs)
             Began as a Gargoyle Gladiator on Mar 28, 2023.
             Was an Initiate of Okawaru.
             Mangled by a gnoll
             ... wielding a +2 heavy spear
             ... led by a gnoll bouda
              (14 damage)
             ... on level 4 of the Dungeon.
             The game lasted 00:07:22 (2961 turns).

xian the Chopper (Gargoyle Gladiator)               Turns: 2961, Time: 00:07:23

Health: -7/40      AC: 14    Str: 19    XL:     7   Next: 3%
Magic:  7/7        EV: 10    Int: 15    God:    Okawaru [......]
Gold:   180        SH:  0    Dex: 11    Spells: 6/6 levels left

rFire   . . .      SeeInvis .    C - +3 quarterstaff (chaos)
rCold   . . .      Faith    .    (shield currently unavailable)
rNeg    + . .      Spirit   .    z - +0 scale mail
rPois   ∞          Reflect  .    c - +0 helmet
rElec   +          Rampage  .    B - +0 cloak
rCorr   .                        (no gloves)
Will    .....                    (no boots) Stlth
                                 (no amulet)
HPRegen 0.26/turn                q - +6 ring of intelligence
MPRegen 0.10/turn                (no ring)

@: no status effects
A: sickness immunity, AC +4, negative energy resistance 1, electricity
resistance, torment resistance 1, petrification resistance
a: Renounce Religion


You were on level 4 of the Dungeon.
You worshipped Okawaru.
Okawaru was noncommittal.
You visited 1 branch of the dungeon, and saw 4 of its levels.

You collected 180 gold pieces.

Inventory:

Hand Weapons
 C - a +3 quarterstaff of chaos (weapon)
Missiles
 d - 2 throwing nets (quivered)
 e - a javelin
 k - 18 stones
 w - a poisoned dart
Armour
 c - a +0 helmet (worn)
 z - a +0 scale mail (worn)
 B - a +0 cloak (worn)
Jewellery
 q - a +6 ring of intelligence (left hand)
 r - a ring of fire
 t - a ring of wizardry
Wands
 x - a wand of flame (13)
 E - a wand of mindburst (7)
Scrolls
 f - a scroll of magic mapping {unknown}
 i - 2 scrolls of amnesia {unknown}
 l - a scroll of poison {unknown}
 n - a scroll of silence {unknown}
 o - a scroll of fog {unknown}
 s - 3 scrolls of identify {unknown}
 v - a scroll of enchant armour {unknown}
 y - a scroll of blinking {unknown}
 D - a scroll of vulnerability {unknown}
Potions
 a - a potion of might
 b - a potion of brilliance {unknown}
 g - a potion of heal wounds {unknown}
 h - 2 potions of curing
 j - 2 potions of lignification {unknown}
 m - 3 potions of resistance {unknown}
 p - 3 potions of berserk rage {unknown}
 u - a potion of cancellation {unknown}
 A - 2 potions of haste {unknown}


   Skills:
 + Level 2.9 Fighting
 + Level 4.5 Axes
 + Level 2.3 Staves
 + Level 2.6 Throwing
 + Level 3.3 Armour
 + Level 3.2 Dodging
 + Level 0.1 Stealth


You had 6 spell levels left.
You didn't know any spells.
Your spell library was empty.

Dungeon Overview and Level Annotations

Branches:
Dungeon (4/15)
 Temple: D:4-7

Altars:
Gozag
Okawaru
Uskayaw

Shops:
D:1 !


Innate Abilities, Weirdness & Mutations

You are immune to sickness and miasma.
Your stone body is resilient. (AC +4)
You are immune to poison.
You resist negative energy. (rN+)
You are resistant to electric shocks. (rElec)
You are resistant to unholy torment.
You are immune to petrification.


Message History

You hit the gnoll. Lightning courses through the gnoll!
You kill the gnoll!
Okawaru accepts your kill.
Your attacks no longer feel as feeble.
The gnoll closely misses you. The orc hits you but does no damage.
The gnoll attacks as you move away! The gnoll hits you but does no damage.
There is a stone staircase leading up here.
You thump the orc!
You kill the orc!
Okawaru accepts your kill. The gnoll hits you but does no damage.
The gnoll hits you but does no damage.
Items here: )) [ †.
You see here a +0 spear.
You closely miss the gnoll.
The gnoll is no longer moving quickly.
The gnoll barely misses you.
You hit the gnoll but do no damage. The gnoll hits you but does no damage.
You hit the gnoll.
The gnoll seems to grow stronger.
The gnoll is lightly wounded.
The gnoll hits you with a +2 heavy spear.
You barely miss the gnoll.
The gnoll is lightly wounded.
You barely miss the gnoll.
The gnoll is lightly wounded.
The gnoll closely misses you.
You hit the gnoll but do no damage.
The gnoll goes berserk!
The gnoll is lightly wounded.
The gnoll barely misses you.
You barely miss the gnoll.
The gnoll is lightly wounded.
The gnoll hits you with a +2 heavy spear!
* * * LOW HITPOINT WARNING * * *
The gnoll misses you.
You closely miss the gnoll.
The gnoll is lightly wounded.
The gnoll hits you but does no damage.
You barely miss the gnoll.
The gnoll is lightly wounded.
The gnoll hits you with a +2 heavy spear!
You die...

#.#.. .... .# #..### #.#
##....###.. ##...#...#.#
###....[##...#
#........##..####
#.........#.....#
##........@)<# .......
#.........g### ...o...
#..........# ..S...
##..........# .g...
...#.......## !..#
............#### ...#
...............##g..####
.......).)....g.g.......
.......)....##.#######..


You could see a gnoll (berserk, strong).

Vanquished Creatures
  Grinder (D:3)
  Blork the orc (D:4)
  Crazy Yiuf (D:3)
  A gnoll bouda (D:4)
  3 gnolls (D:4)
  3 adders
  2 worms (D:2)
  A dart slug (D:3)
  An orc (D:4)
  5 endoplasms
  4 giant cockroaches
  11 goblins
  8 hobgoblins
  A quokka (D:1)
  5 ball pythons
  6 bats
  5 frilled lizards
  5 kobolds
  4 rats
68 creatures vanquished.

Notes
Turn   | Place    | Note
-------+----------+-------------------------------------------
     0 | D:1      | xian the Gargoyle Gladiator began the quest for the Orb.
     0 | D:1      | Reached XP level 1. HP: 12/12 MP: 1/1
   231 | D:1      | Reached XP level 2. HP: 17/17 MP: 2/2
   348 | D:1      | Reached skill level 3 in Axes
   738 | D:1      | Found Tiere's Distillery.
  1154 | D:2      | Reached XP level 3. HP: 21/21 MP: 3/3
  1184 | D:2      | Reached skill level 1 in Armour
  1344 | D:2      | Found an opulent altar of Gozag.
  1993 | D:2      | Reached XP level 4. HP: 18/26 MP: 4/4
  2135 | D:3      | Found a runed translucent door.
  2136 | D:3      | Noticed Crazy Yiuf
  2141 | D:3      | Killed Crazy Yiuf
  2226 | D:3      | Found a hide-covered altar of Uskayaw.
  2359 | D:3      | Reached XP level 5. HP: 29/31 MP: 5/5
  2374 | D:3      | Found an iron altar of Okawaru.
  2383 | D:3      | Noticed Grinder
  2393 | D:3      | Paralysed by Grinder for 2 turns
  2396 | D:3      | Killed Grinder
  2397 | D:3      | Reached skill level 4 in Axes
  2397 | D:3      | Reached skill level 1 in Staves
  2397 | D:3      | Reached XP level 6. HP: 18/36 MP: 6/6
  2409 | D:3      | Became a worshipper of Warmaster Okawaru
  2817 | D:4      | Noticed Blork the orc
  2831 | D:4      | Killed Blork the orc
  2945 | D:4      | Reached XP level 7. HP: 38/40 MP: 7/7
  2961 | D:4      | Mangled by a gnoll

Illustrated notes

Levels and vault maps discovered:
D:1:      sevenhm_arrival_forest_fort_large_4, layout_basic, serial_shops,
          shop_statue, serial_park_tiny_pond, minmay_misc_feat_roman,
          nicolae_hexahallways
D:2:      layout_basic, basic_altar, skrybe_limestone_x, grunt_ministairs_5,
          minmay_pentomino_w2
D:3:      layout_basic, eat_drink_and_be_merry_uskayaw, okawaru_trees_2,
          uniq_crazy_yiuf_cottage, uniq_grinder
D:4:      layout_rooms, nemelex_diamond_rough_becter,
          cheibrodos_ashenzari_chains, lemuel_temple_firewalk_b,
          uniq_blork_the_orc, uniq_duvessa

Skill      XL: |  1  2  3  4  5  6 |
---------------+-------------------+-----
Axes           | 3 4 |  4.5
Armour         | 1 2 3 |  3.3
Throwing       | 2 |  2.6
Staves         | 1 2 |  2.3
Dodging        | 3 |  3.2
Fighting       | |  2.9
Stealth        | |  0.1

Action                     |  1- 3 |  4- 6 |  7- 9 || total
---------------------------+-------+-------+-------++-------
  Melee: War axe           |   126 |    21 |       ||   147
         Punch             |     2 |       |       ||     2
         Quarterstaff      |       |    48 |    13 ||    61
  Throw: Stone             |    41 |    10 |       ||    51
         Dart              |       |     2 |       ||     2
         Throwing net      |       |     1 |       ||     1
    Use: Potion            |       |     1 |       ||     1
 Armour: Leather armour    |    20 |       |       ||    20
         Ring mail         |    32 |       |       ||    32
         Scale mail        |    12 |    61 |     7 ||    80
  Dodge: Dodged            |   104 |    68 |     7 ||   179

Table legend: (Time is in decaauts)
 A = Elapsed time spent in this place.
 B = Non-inter-level travel time spent in this place.
 C = Inter-level travel time spent in this place.
 D = Time resting spent in this place.
 E = Time spent auto-exploring this place.
 F = Levels seen in this place.
 G = Mean time per level.
                   A        B        C        D        E       F      G
               +--------+--------+--------+--------+--------+-----+--------+
         Total |   3027 |   2908 |    119 |     38 |   1965 |   4 |  756.8 |
       Dungeon |   3027 |   2908 |    119 |     38 |   1965 |   4 |  756.8 |
               +--------+--------+--------+--------+--------+-----+--------+

Top non-repeatable levels by time:
     D:1: 1114 daAuts
     D:2: 940 daAuts
     D:3: 819 daAuts
     D:4: 153 daAuts
